Selects Heavy Armor Battlegroup
Construct Section Command Post
Construct Field Infirmary
Construct Platoon Command Post
6-pounder Anti-tank Gun Team
Unlock M3 Stuart Light Tanks
6-pounder Anti-tank Gun Team
Selects Rigorous Vehicle Training
Selects Light Vehicle Withdraw and Refit
Selects Forward Repair Assembly
Unlock Bishop Self-propelled Artillery
Bishop Self-propelled Artillery
Construct Company Command Post